 Dungeon Crawl Stone Soup version 0.30-a0-377-g5cb311bc9f (webtiles) character file.

Game seed: 6153696370182227561

1167 KennySheep the Shooter (level 7, -2/53 HPs)
             Began as a Demigod Hunter on Nov 27, 2022.
             Slain by a water moccasin (4 damage)
             ... on level 6 of the Dungeon on Nov 28, 2022.
             The game lasted 00:13:01 (3358 turns).

KennySheep the Shooter (Demigod Hunter)             Turns: 3358, Time: 00:13:02

Health: -2/53      AC:  3    Str: 12    XL:     7   Next: 96%
Magic:  9/9        EV: 14    Int: 11    God:
Gold:   146        SH:  0    Dex: 25    Spells: 6/6 levels left

rFire   . . .      SeeInvis .    a - +3 shortbow
rCold   . . .      Faith    .    (shield currently unavailable)
rNeg    . . .      Spirit   .    c - +0 leather armour
rPois   .          Reflect  .    (no helmet)
rElec   .          Harm     .    (no cloak)
rCorr   .          Rampage  .    (no gloves)
Will    .....                    (no boots)
Stlth   +++.......               (no amulet)
HPRegen 0.28/turn                (no ring)
MPRegen 0.11/turn                (no ring)

@: no status effects
A: high MP 1, forlorn, divine attributes
a: no special abilities


You were on level 6 of the Dungeon.
You visited 1 branch of the dungeon, and saw 6 of its levels.

You collected 146 gold pieces.

Inventory:

Hand Weapons
 a - a +3 shortbow (weapon)
 l - a +0 long sword
Armour
 c - a +0 leather armour (worn)
Jewellery
 r - a ring of wizardry
Scrolls
 d - a scroll of immolation
 f - a scroll of magic mapping
 g - 2 scrolls of amnesia
 k - 2 scrolls of vulnerability
 m - 3 scrolls of fear
Potions
 e - 3 potions of curing
 h - 2 potions of berserk rage
 j - a potion of flight
 o - a potion of haste
 p - 3 potions of lignification
 q - a potion of might {unknown}
 s - 3 potions of attraction {unknown}
 t - a potion of degeneration {unknown}


   Skills:
 - Level 1.7 Fighting
 * Level 7.7 Ranged Weapons
 + Level 3.6 Dodging
 + Level 5.1 Stealth


You had 6 spell levels left.
You didn't know any spells.
Your spell library contained the following spells:

 Spells                   Type           Power      Damage    Failure   Level
 Static Discharge         Conj/Air       0%         2-2/arc   56%         2
 Sublimation of Blood     Necr           0%         N/A       56%         2
 Wereblood                Tmut           0%         N/A       56%         2
 Call Canine Familiar     Summ           0%         N/A       80%         3
 Kindle Blastsparks       Fire/Tloc/Air  0%         2d10      80%         3
 Mephitic Cloud           Conj/Pois/Air  0%         N/A       80%         3
 Portal Projectile        Hex/Tloc       0%         N/A       80%         3
 Vhi's Electric Charge    Tloc/Air       0%         N/A       80%         3
 Leda's Liquefaction      Hex/Erth       0%         N/A       99%         4
 Arcjolt                  Conj/Air       0%         1d10      100%        5
 Summon Forest            Summ/Tloc      0%         N/A       100%        5
 Summon Mana Viper        Hex/Summ       0%         N/A       100%        5
 Summon Cactus Giant      Summ           0%         N/A       100%        6
 Summon Hydra             Summ           0%         N/A       100%        7
 Maxwell's Capacitive Co  Air            0%         ∞         100%        8


Dungeon Overview and Level Annotations

Branches:
Dungeon (6/15)
 Temple: D:4-7

Shops:
D:3 *   D:4 *

Annotations:
D:2 Sigmund
D:4 2 transporters, sirJeffrey23's ghost, novice BaFi
D:5 Dowan; Duvessa


Innate Abilities, Weirdness & Mutations

You have an increased reservoir of magic. (+10% MP)
You shall have no god before yourself.
Your divine heritage dramatically boosts your attributes as you level up.


Message History

The arrow hits you.
You hear an angry hiss.
You shoot an arrow. The arrow barely misses the centaur.
The centaur shoots an arrow.
The arrow hits you!
The centaur shoots an arrow.
The arrow barely misses you.
You shoot an arrow. The arrow closely misses the centaur.
The centaur shoots an arrow.
The arrow closely misses you.
The centaur shoots an arrow.
The arrow closely misses you.
You shoot an arrow. The arrow hits the centaur!
The centaur is severely wounded.
The centaur shoots an arrow.
The arrow hits you.
You shoot an arrow. The arrow hits the centaur.
The centaur is almost dead.
The centaur shoots an arrow.
The arrow barely misses you.
The centaur shoots an arrow.
The arrow hits you!
You shoot an arrow. The arrow barely misses the centaur.
The arrow hits the water moccasin!
The water moccasin is heavily wounded.
You shoot an arrow.
The arrow hits the centaur but does no damage.
The centaur is almost dead.
The centaur shoots an arrow.
The arrow hits you!
You shoot an arrow. The arrow hits the centaur!
You kill the centaur!
The water moccasin bites you.
You shoot an arrow. The arrow hits the water moccasin!
The water moccasin is almost dead.
The water moccasin closely misses you. The water moccasin bites you!
* * * LOW HITPOINT WARNING * * *
You shoot an arrow. The arrow hits the water moccasin.
The water moccasin is almost dead.
The water moccasin bites you!
* * * LOW HITPOINT WARNING * * *
You shoot an arrow.
The arrow hits the water moccasin but does no damage.
The water moccasin is almost dead.
The water moccasin bites you.
* * * LOW HITPOINT WARNING * * *
The water moccasin bites you.
You die...

#.# #.# #.# #†#
#.# ###.#####
#.......#
#.#.###.# #@..#
#S.## #).#
#..####)#
#########.......#
#..........######
.....c#######
..... ....


You could see a water moccasin.

Vanquished Creatures
  Grinder (D:6)
  2 centaurs
  A phantom (D:4)
  2 scorpions
  5 killer bees (D:6)
  A jelly (D:5)
  An orc priest (D:5)
  2 hounds
  2 iguanas
  Terence (D:3)
  2 orc wizards (D:4)
  4 gnolls (D:4)
  7 adders
  An ufetubus (D:4)
  2 dart slugs
  9 orcs
  3 bats
  4 endoplasms
  4 giant cockroaches (D:1)
  8 goblins
  7 hobgoblins
  4 kobolds
  A quokka (D:1)
  2 ball pythons (D:1)
  6 frilled lizards
  3 rats
85 creatures vanquished.

Vanquished Creatures (others)
  A plant (D:3)
  5 withered plants (D:3)
6 creatures vanquished.

Grand Total: 91 creatures vanquished

Notes
Turn   | Place    | Note
-------+----------+-------------------------------------------
     0 | D:1      | KennySheep the Demigod Hunter began the quest for the Orb.
     0 | D:1      | Reached XP level 1. HP: 17/17 MP: 3/3
    12 | D:1      | Reached skill level 1 in Stealth
   167 | D:1      | Reached skill level 4 in Ranged Weapons
   167 | D:1      | Reached XP level 2. HP: 16/24 MP: 4/4
   245 | D:1      | Got the Guidebook on Gusts
   685 | D:2      | Noticed Sigmund
   726 | D:2      | You fall into a shaft and drop 1 floor!
   788 | D:2      | Noticed Terence
   803 | D:3      | Killed Terence
   804 | D:3      | Reached XP level 3. HP: 14/29 MP: 5/5
   943 | D:3      | Reached XP level 4. HP: 19/36 MP: 6/6
  1074 | D:3      | Found Zin's Purification Station.
  1136 | D:3      | Reached skill level 5 in Ranged Weapons
  1205 | D:3      | Identified the +11 hand axe of Bastroir {vorpal, Fragile
                  | +Blink rPois}
  1465 | D:4      | Found a transporter.
  1478 | D:4      | Noticed sirJeffrey23's ghost (novice BaFi)
  1491 | D:4      | Found a transporter.
  1564 | D:4      | Reached XP level 5. HP: 39/41 MP: 7/7
  1672 | D:4      | Found Eriseibi's General Store.
  2273 | D:5      | Entered Level 5 of the Dungeon
  2287 | D:4      | Reached skill level 6 in Ranged Weapons
  2287 | D:4      | Reached XP level 6. HP: 26/48 MP: 8/8
  2429 | D:5      | Noticed Duvessa
  2429 | D:5      | Noticed Dowan
  2707 | D:5      | Noticed a water moccasin
  2924 | D:5      | Reached XP level 7. HP: 26/53 MP: 9/9
  2990 | D:6      | Noticed Grinder
  3001 | D:6      | Killed Grinder
  3002 | D:6      | Reached skill level 7 in Ranged Weapons
  3245 | D:6      | Reached skill level 5 in Stealth
  3358 | D:6      | HP: 2/53 [water moccasin (5)]
  3358 | D:6      | Slain by a water moccasin

Illustrated notes

Levels and vault maps discovered:
D:1:      mrwooster_arrival_statue_2, layout_basic, minmay_tree_intersection
D:2:      layout_rooms, hangedman_decor_growths, kennysheep_cluttered_room,
          uniq_terence, uniq_sigmund
D:3:      layout_rooms, zin_purify, nemelex_xobeh_ov_fountains_minmay,
          shapermc_ecumenical_altar_flowoftime, minmay_joined_circles
D:4:      layout_loops_ring, serial_shops, shop, gammafunk_ghost_stat_death,
          minmay_goblin_kobold_house
D:5:      layout_cave_pools, makhleb_blood_cavern_becter, temple_hall,
          uniq_duvessa
D:6:      layout_loops_corners, grunt_decor_mini_mirrors, minmay_misc_feat_five,
          minmay_splitting_lines, uniq_menkaure, uniq_grinder

Skill      XL: |  1  2  3  4  5  6  7 |
---------------+----------------------+-----
Stealth        | 1 2 3 4 5 |  5.1
Ranged Weapons | 4 5 6 7 |  7.7
Dodging        | 2 3 |  3.6
Fighting       | |  1.7

Action                   |  1- 3 |  4- 6 |  7- 9 || total
-------------------------+-------+-------+-------++-------
Melee: Hand axe          |       |       |     9 ||     9
 Fire: Shortbow          |    97 |   169 |    36 ||   302
  Use: Scroll            |       |     7 |       ||     7
       Potion            |       |     3 |     1 ||     4
Armor: Leather armour    |     6 |    12 |     2 ||    20
Dodge: Dodged            |    36 |    68 |    39 ||   143

Table legend: (Time is in decaauts)
 A = Elapsed time spent in this place.
 B = Non-inter-level travel time spent in this place.
 C = Inter-level travel time spent in this place.
 D = Time resting spent in this place.
 E = Time spent auto-exploring this place.
 F = Levels seen in this place.
 G = Mean time per level.
                   A        B        C        D        E       F      G
               +--------+--------+--------+--------+--------+-----+--------+
         Total |   3442 |   3316 |    126 |    663 |   1921 |   6 |  573.7 |
       Dungeon |   3442 |   3316 |    126 |    663 |   1921 |   6 |  573.7 |
               +--------+--------+--------+--------+--------+-----+--------+

Top non-repeatable levels by time:
     D:4: 1265 daAuts
     D:3: 740 daAuts
     D:1: 736 daAuts
     D:6: 375 daAuts
     D:5: 311 daAuts
     D:2: 13 daAuts
